 Dungeon Crawl Stone Soup version bcrawl-1.28.1b (webtiles) character file.

Game seed: 2586680005004215964

148383 Adamkad1 the Ruffian (level 4, 0/36 HPs)
             Began as a Draconian Transmuter on Dec 12, 2020.
             Slain by a gnoll
             ... wielding a +0 club
              (5 damage)
             ... on level 3 of the Dungeon.
             The game lasted 00:01:57 (1598 turns).

Adamkad1 the Ruffian (Draconian Transmuter)         Turns: 1598, Time: 00:01:58

Health: 0/36       AC:  5    Str: 13    XL:     4   Next: 35%
Magic:  6/7        EV: 12    Int: 13    God:
Gold:   55         SH:  0    Dex: 12    Spells: 3/7 levels left

rFire    . . .     SeeInvis .     - Fists (7.1)
rCold    . . .     Gourm    .   (no shield)
rNeg     . . .     Faith    .   (armour unavailable)
rPois    .         Spirit   .   (helmet restricted)
rElec    .         Reflect  .   (no cloak)
rCorr    .         Harm     .   (no gloves)
MR       .....                  (boots currently unavailable)
Stlth    +.........             (no amulet)
HPRegen  0.12/turn              (no ring)
MPRegen  0.10/turn              (no ring)

@: appendage
A: unfitting armour, talons 3, cold-blooded, AC +5
a: End Transformation


You were on level 3 of the Dungeon.
You were not hungry.
You had grown temporary talons.
You visited 1 branch of the dungeon, and saw 3 of its levels.

You collected 55 gold pieces.

Inventory:

Missiles
 a - 120 arrows
Armour
 l - a +0 pair of boots
Jewellery
 i - an uncursed ring of poison resistance {unknown}
Scrolls
 b - 3 scrolls of identify
 f - a scroll of remove curse {unknown}
 j - a scroll of enchant weapon {unknown}
 m - a scroll of magic mapping {unknown}
Potions
 c - a potion of lignification
 g - 2 potions of curing {unknown}
 h - a potion of brilliance {unknown}
 k - 2 potions of resistance {unknown}
Comestibles
 d - a chunk of flesh
 e - 4 rations {!d}


   Skills:
 + Level 2.1 Fighting
 + Level 2.3 Dodging
 + Level 3.3 Unarmed Combat
 + Level 2.4 Spellcasting
 * Level 3.1 Transmutations


You had 3 spell levels left.
You knew the following spells:

 Your Spells              Type           Power        Failure   Level  Hunger
a - Beastly Appendage     Tmut           #.....       7%          1    None
b - Spider Form           Tmut/Pois      #..          36%         3    ####...

Your spell library contained the following spells:

 Spells                   Type           Power        Failure   Level  Hunger
 Sticks to Snakes         Tmut           #.......     10%         2    ##.....
 Passwall                 Tmut/Erth      #.......     19%         2    ##.....
 Ice Form                 Ice/Tmut       #.......     77%         4    ######.
 Blade Hands              Tmut           #.........   88%         5    #######


Dungeon Overview and Level Annotations

Branches:
Dungeon (3/12)

Altars:


Innate Abilities, Weirdness & Mutations

Your plain brown scales are hard. (AC +5)
You cannot fit into any form of body armour.
You are cold-blooded and may be slowed by cold attacks.
You have claws for feet.


Message History

You hit the gnoll. You claw the gnoll. You tail-slap the gnoll.
The gnoll is heavily wounded.
You barely miss the gnoll. You claw the gnoll. Your punch misses the gnoll.
The gnoll is severely wounded.
The gnoll closely misses you.
You hit the gnoll.
You kill the gnoll!
The gnoll hits you with a +0 flail.
You barely miss the giant cockroach. Your kick misses the giant cockroach.
Your punch misses the giant cockroach. The gnoll hits you with a +0 club!
The gnoll hits you with a +0 flail. The giant cockroach misses you.
You barely miss the giant cockroach. The gnoll hits you with a +0 club!
The gnoll closely misses you. The giant cockroach closely misses you.
You hit the giant cockroach.
You kill the giant cockroach!
The gnoll closely misses you. The gnoll hits you with a +0 flail!
* * * LOW HITPOINT WARNING * * *
The giant cockroach barely misses you. The gnoll hits you with a +0 club.
You die...

#.....#
#.....#
#.....# #
#.....#
#.#.....#
#####.#.....#
......sgg.#
#@# .......†#
###......
....#.....
### #.#####
.. ... ....


You could see 2 gnolls and a giant cockroach.

Vanquished Creatures
  Robin (D:2)
  A gnoll (D:3)
  An ooze (D:1)
  3 dart slugs
  2 leopard geckos
  2 orcs (D:2)
  2 giant cockroaches
  13 goblins
  6 hobgoblins
  5 jackals
  8 kobolds
  A quokka (D:2)
  4 bats
  A frilled lizard (D:2)
  A rat (D:2)
51 creatures vanquished.

Notes
Turn   | Place    | Note
-------+----------+-------------------------------------------
     0 | D:1      | Adamkad1 the Draconian Transmuter began the quest for the
                  | Orb.
     0 | D:1      | Reached XP level 1. HP: 16/16 MP: 3/3
   241 | D:1      | Reached XP level 2. HP: 20/23 MP: 3/5
  1091 | D:2      | Reached XP level 3. HP: 29/29 MP: 4/6
  1324 | D:2      | Noticed Robin
  1333 | D:2      | Killed Robin
  1334 | D:2      | Reached XP level 4. HP: 33/36 MP: 5/7
  1342 | D:2      | Learned a level 3 spell: Spider Form
  1598 | D:3      | Slain by a gnoll

Skill      XL: |  1  2  3 |
---------------+----------+-----
Dodging        | 2 |  2.3
Fighting       | 2 |  2.1
Transmutations | 3 |  3.1
Unarmed Combat | |  3.3
Spellcasting   | |  2.4

Action                   |  1- 3 |  4- 6 || total
-------------------------+-------+-------++-------
Melee: Unarmed           |   134 |    28 ||   162
       Tailslap          |    11 |     3 ||    14
       Headbutt          |     2 |       ||     2
       Kick              |     6 |     3 ||     9
 Cast: Beastly Appendage |    13 |     3 ||    16
  Eat: Chunk             |     5 |     1 ||     6
Armor: Skin              |    28 |     6 ||    34
Dodge: Dodged            |    56 |    13 ||    69
